 Dungeon Crawl Stone Soup version 0.28.0-47-ge53b351184 (webtiles) character file.

Game seed: 2104886838987431573

24 nickcage the Changer (level 3, -2/23 HPs)
             Began as an Octopode Transmuter on May 2, 2022.
             Slain by a hobgoblin (5 damage)
             ... led by Robin
             ... on level 1 of the Dungeon.
             The game lasted 00:02:54 (1210 turns).

nickcage the Changer (Octopode Transmuter)          Turns: 1210, Time: 00:02:55

Health: -2/23      AC:  2    Str:  9    XL:     3   Next: 2%
Magic:  3/6        EV: 19    Int: 17    God:
Gold:   11         SH:  0    Dex: 17    Spells: 2/6 levels left

rFire   . . .      SeeInvis .     - Unarmed
rCold   . . .      Faith    .   (shield currently unavailable)
rNeg    . . .      Spirit   .   (helmet currently unavailable)
rPois   x          Reflect  .   (no amulet)
rElec   .          Harm     .   (no ring)
rCorr   .          Rampage  .   (no ring)
Will    .....                   (no ring)
Stlth   ++........              (no ring)
HPRegen 0.07/turn               (no ring)
MPRegen 0.10/turn               (no ring)
                                (no ring)
                                (no ring)

@: spider-form
A: venomous fangs, almost no armour, (amphibious), 8 rings, tiny, (camouflage
1), (gelatinous body 1), (nimble swimmer 1), (tentacles)
a: End Transformation


You were on level 1 of the Dungeon.
You were a venomous arachnid creature.
You visited 1 branch of the dungeon, and saw 2 of its levels.

You collected 11 gold pieces.

Inventory:

Hand Weapons
 a - a +0 short sword
 e - a +1 dagger of venom (melded)
Scrolls
 b - 2 scrolls of summoning {unknown}
 f - a scroll of identify {unknown}
Potions
 c - a potion of invisibility {unknown}
 d - a potion of might {unknown}


   Skills:
 - Level 1.0 Fighting
 - Level 2.0 Dodging
 - Level 3.0 Unarmed Combat
 - Level 2.0 Spellcasting
 + Level 3.4 Transmutations


You had 2 spell levels left.
You knew the following spells:

 Your Spells              Type           Power      Damage    Failure   Level
a - Beastly Appendage     Tmut           26%        N/A       14%         1
b - Spider Form           Tmut/Pois      7%         N/A       50%         3

Your spell library contained the following spells:

 Spells                   Type           Power      Damage    Failure   Level
 Wereblood                Tmut           13%        N/A       19%         2
 Sublimation of Blood     Necr           1%         N/A       50%         2
 Ice Form                 Ice/Tmut       7%         N/A       85%         4
 Summon Hydra             Summ           0%         N/A       100%        7


Dungeon Overview and Level Annotations

Branches:
Dungeon (2/15)

Altars:

Annotations:
D:1 Robin


Innate Abilities, Weirdness & Mutations

You are a venomous arachnid creature.
You have poisonous fangs.
You are tiny and dextrous.
Your spellcasting is less reliable in this form.
Your armour is entirely melded.
You are incapable of wielding weapons or throwing items.
You cannot wear most types of armour.
((You are amphibious.))
You can wear up to eight rings at the same time.
((Your skin changes colour to match your surroundings (Stealth+).))
((Your rubbery body absorbs attacks. (AC +1, EV +1)))
((You are camouflaged when in or above water. (Stealth+)))
((You have tentacles for arms and can constrict up to eight enemies at once.))


Message History

Your tentacle spike disappears.
You turn into a venomous arachnid creature.
Your +1 dagger of venom melds into your body.
Your +1 dagger of venom stops dripping with poison.
You climb downwards.
Level annotation: Robin Robin hits you but does no damage.
The hobgoblin completely misses you. The hobgoblin hits you.
The goblin unwields a +0 club.
The goblin wields a +0 hunting sling.
The goblin shoots a stone.
The stone hits you. Robin misses you.
There is a stone staircase leading up here.
You barely miss Robin. The hobgoblin closely misses you.
The hobgoblin barely misses you. The goblin misses you.
Robin throws the goblin at you! The goblin hits you with a +0 club.
The goblin shoots a stone.
The stone closely misses you.
The stone hits the hobgoblin.
You hit Robin but do no damage.
Robin is poisoned.
The hobgoblin completely misses you. The hobgoblin misses you.
The goblin closely misses you.
Robin roars a battlecry!
The goblins go into a battle-frenzy!
The goblin misses you.
The goblin shoots a stone.
The stone closely misses you.
The stone misses the hobgoblin.
The hobgoblin completely misses you. The hobgoblin barely misses you.
The goblin closely misses you. Robin closely misses you.
The goblin closely misses you.
The goblin shoots a stone.
The stone closely misses you.
The stone closely misses the hobgoblin.
You climb upwards.
There is a stone staircase leading down here.
You hit the goblin.
The goblin is poisoned.
The goblin is heavily wounded.
The hobgoblin completely misses you. The goblin closely misses you.
The hobgoblin misses you. Robin throws the goblin at you!
The goblin barely misses you.
You hit the goblin but do no damage.
The goblin is poisoned.
You kill the goblin!
The hobgoblin hits you!
* * * LOW HITPOINT WARNING * * *
The hobgoblin hits you.
You die...

...#..........##.# #.#######.####
##.#...##.###.##.###.............
...)..#...# #................####
###...#.#######...#............#
##....# #........##########.#
###.....# #.............#####.#
.......## #........####.......#
###....# ##...g.g#.# ######..#
#.....####.#.#gs##.# #..##
#.#...........g)##.# #....
#.#.#.####.#.#.###.# ###.#.
#..#...# ##...####.########.....
#.#.#.## ##...).#............#.
#.###.# #####)##########.###. #.#
#.# #.# #.# #. #.# #.#
#.##########.###. #.# #.#
#.##.............


You could see Robin (very poisoned), 2 hobgoblins and a goblin (strong,
poisoned).

Vanquished Creatures
  A dart slug (D:1)
  2 endoplasms (D:1)
  A giant cockroach (D:1)
  A hobgoblin (D:1)
  3 quokkas (D:1)
  3 bats (D:1)
  6 goblins
  3 kobolds (D:1)
  3 rats (D:1)
23 creatures vanquished.

Notes
Turn   | Place    | Note
-------+----------+-------------------------------------------
     0 | D:1      | nickcage the Octopode Transmuter began the quest for the
                  | Orb.
     0 | D:1      | Reached XP level 1. HP: 13/13 MP: 3/3
   196 | D:1      | Reached XP level 2. HP: 18/18 MP: 5/5
  1188 | D:2      | Noticed Robin
  1198 | D:1      | Reached XP level 3. HP: 18/23 MP: 4/6
  1202 | D:1      | Learned a level 3 spell: Spider Form
  1210 | D:1      | Slain by a hobgoblin

Illustrated notes

Levels and vault maps discovered:
D:1:      psy_arrival_conway, layout_loops_ring, hangedman_decor_points
D:2:      layout_basic, serial_shops, nicolae_shop_stone, uniq_robin

Skill      XL: |  1  2 |
---------------+-------+-----
Transmutations | 3 |  3.4
Fighting       | |  1.0
Dodging        | |  2.0
Unarmed Combat | |  3.0
Spellcasting   | |  2.0

Action                   || total
-------------------------++-------
Melee: Short sword       ||    32
       Kick              ||    17
       Constrict         ||    14
       Tentacles         ||     8
       Unarmed           ||     6
       Punch             ||     3
       Dagger            ||     8
 Cast: Beastly Appendage ||    15
       Spider Form       ||     1
 Stab: Sleeping          ||     4
Armor: Skin              ||     2
Dodge: Dodged            ||    46
